General information
- name: BNet
- type: Ladder team game (AT/RT)
- host: Battle.net
- saver: KODO-1.FOR.ALL
map: MarketSquare
- players: 8
- length: 29:26
- speed: Fast
- version: 1.26 W3XP
- replay type: Public
» download(201 KB)
Players
team 1 (loser)

»
CryingButILoveU (
blue | 69 APM | 1644 actions | 23:50)
7 Archmage
3 Summon Water Elemental
2 Brilliance Aura
1 Mass Teleport
1 Blizzard
» actions
| Assign group hotkey | 40 | |
| Build / train | 99 | |
| Enter build submenu | 23 | |
| Enter hero's abilities submenu | 8 | |
| Remove unit from queue | 2 | |
| Right click | 667 | |
| Select / deselect | 304 | |
| Select group hotkey | 405 | |
| Use ability | 96 | |
1644 total
» units
| Peasant | 20 | |
| Rifleman | 8 | |
| Mortar Team | 3 | |
| Siege Engine | 2 | |
| Flying Machine | 10 | |
43 total
» upgrades
| Armor | 1 | |
| Masonry | 1 | |
| Lumber Harvesting | 2 | |
| Fragmentation Shards | 1 | |
| Barrage | 1 | |
| Gunpowder | 1 | |
| Flak Cannons | 1 | |
| Plating | 2 | |
| Flying Machine Bombs | 1 | |
11 total
» buildings
| Farm | 13 | |
| Blacksmith | 1 | |
| Barracks | 1 | |
| Altar of Kings | 1 | |
| Scout Tower | 10 | |
| Arcane Vault | 2 | |
| Arcane Tower | 3 | |
| Lumber Mill | 1 | |
| Town Hall | 1 | |
| Guard Tower | 6 | |
| Keep | 1 | |
| Castle | 1 | |
| Workshop | 4 | |
45 total
» build order
01:07 Farm
01:23 Blacksmith
01:28 Barracks
01:36 Altar of Kings
01:39 Farm
02:16 Farm
02:21 Scout Tower
02:25 Arcane Vault
02:48 Arcane Tower
02:55 Farm
03:04 Scout Tower
04:08 Lumber Mill
05:05 Arcane Tower
05:44 Scout Tower
05:53 Scout Tower
05:54 Scout Tower
05:55 Scout Tower
06:13 Town Hall
06:23 Guard Tower
06:44 Guard Tower
07:07 Arcane Tower
07:17 Keep
07:36 Scout Tower
07:36 Scout Tower
08:26 Guard Tower
08:28 Scout Tower
08:29 Scout Tower
08:30 Farm
08:30 Farm
08:31 Farm
08:33 Guard Tower
08:58 Guard Tower
09:10 Guard Tower
09:39 Castle
10:43 Workshop
10:44 Workshop
10:45 Workshop
10:46 Workshop
13:07 Farm
13:08 Farm
13:08 Farm
13:51 Farm
13:51 Farm
13:51 Farm
16:08 Arcane Vault
» items
| Lesser Clarity Potion | 4 | |
| Scroll of Regeneration | 7 | |
| Scroll of Healing | 1 | |
| Scroll of Town Portal | 6 | |
| Potion of Healing | 2 | |
20 total
evil-fen (
purple | 88 APM | 2504 actions | 28:35)
6 Priestess of the Moon
1 Searing Arrows
3 Trueshot Aura
1 Scout
1 Starfall
» actions
| Assign group hotkey | 43 | |
| Basic commands | 250 | |
| Build / train | 89 | |
| ESC pressed | 5 | |
| Enter build submenu | 26 | |
| Enter hero's abilities submenu | 7 | |
| Give item / drop item | 4 | |
| Right click | 1354 | |
| Select / deselect | 438 | |
| Select group hotkey | 217 | |
| Use ability | 71 | |
2504 total
» units
| Wisp | 28 | |
| Archer | 20 | |
| Glaive Thrower | 3 | |
| Hippogryph | 18 | |
69 total
» upgrades
| Nature's Blessing | 1 | |
| Strength of the Moon | 3 | |
| Improved Bows | 1 | |
| Marksmanship | 1 | |
| Vorpal Blades | 1 | |
| Druid of the Talon Training | 1 | |
8 total
» buildings
| Altar of Elders | 1 | |
| Moon Well | 6 | |
| Ancient of War | 8 | |
| Hunter's Hall | 1 | |
| Tree of Ages | 1 | |
| Tree of Eternity | 1 | |
| Ancient Protector | 2 | |
| Tree of Life | 1 | |
| Ancient of Wonders | 2 | |
| Ancient of Wind | 2 | |
25 total
» build order
00:08 Altar of Elders
00:18 Moon Well
00:46 Ancient of War
01:29 Ancient of War
01:46 Moon Well
02:52 Hunter's Hall
04:07 Tree of Ages
04:24 Moon Well
06:57 Moon Well
07:00 Ancient of War
07:03 Ancient of War
08:27 Tree of Eternity
08:30 Ancient Protector
09:21 Tree of Life
10:02 Ancient of War
10:04 Ancient of War
10:08 Ancient of War
10:10 Ancient of War
14:50 Moon Well
15:19 Moon Well
16:32 Ancient of Wonders
16:34 Ancient of Wonders
16:38 Ancient Protector
20:49 Ancient of Wind
20:51 Ancient of Wind
» items
| Boots of Speed | 1 | |
| Potion of Lesser Invulnerability | 1 | |
| Staff of Teleportation | 1 | |
3 total
SHOOT_BLACKROCK (
pink | 33 APM | 928 actions | 28:23)
5 Tauren Chieftain
1 Shockwave
3 Endurance Aura
1 War Stomp
5 Shadow Hunter
3 Healing Wave
2 Hex
» actions
| Build / train | 59 | |
| Enter build submenu | 16 | |
| Enter hero's abilities submenu | 10 | |
| Remove unit from queue | 4 | |
| Right click | 452 | |
| Select / deselect | 291 | |
| Use ability | 96 | |
928 total
» units
| Peon | 11 | |
| Troll Headhunter/Berserker | 15 | |
| Shaman | 5 | |
31 total
» upgrades
| Ranged Weapons | 3 | |
| Troll Regeneration | 1 | |
| Shaman Training | 2 | |
| Berserker Upgrade | 1 | |
| Armor | 2 | |
9 total
» buildings
| Orc Burrow | 5 | |
| Altar of Storms | 1 | |
| War Mill | 1 | |
| Barracks | 3 | |
| Stronghold | 1 | |
| Watch Tower | 2 | |
| Fortress | 1 | |
| Spirit Lodge | 2 | |
| Voodoo Lounge | 1 | |
| Great Hall | 1 | |
18 total
» build order
00:06 Orc Burrow
00:08 Altar of Storms
00:19 War Mill
02:04 Barracks
02:09 Barracks
02:26 Orc Burrow
03:40 Stronghold
03:53 Watch Tower
05:19 Orc Burrow
06:15 Fortress
06:33 Spirit Lodge
06:36 Spirit Lodge
08:06 Orc Burrow
08:14 Orc Burrow
08:19 Watch Tower
10:50 Barracks
13:21 Voodoo Lounge
20:05 Great Hall
» items
WittedCargo7175 (
green | 42 APM | 1249 actions | 29:24)
7 Death Knight
3 Death Coil
3 Unholy Aura
1 Animate Dead
2 Archmage
2 Blizzard
» actions
| Assign group hotkey | 41 | |
| Basic commands | 33 | |
| Build / train | 82 | |
| ESC pressed | 8 | |
| Enter build submenu | 23 | |
| Enter hero's abilities submenu | 9 | |
| Remove unit from queue | 7 | |
| Right click | 545 | |
| Select / deselect | 240 | |
| Select group hotkey | 187 | |
| Use ability | 74 | |
1249 total
» units
| Acolyte | 10 | |
| Ghoul | 7 | |
| Assassin | 1 | |
| Rogue | 1 | |
| Crypt Fiend | 6 | |
| Frost Wyrm | 6 | |
| Siege Engine | 22 | |
53 total
» upgrades
| Cannibalize | 1 | |
| Web | 1 | |
| Creature Attack | 2 | |
| Burrow | 1 | |
| Creature Carapace | 2 | |
| Freezing Breath | 1 | |
| Ghoul Frenzy | 0 | |
8 total
» buildings
| Altar of Darkness | 2 | |
| Crypt | 1 | |
| Ziggurat | 6 | |
| Halls of the Dead | 1 | |
| Graveyard | 1 | |
| Black Citadel | 1 | |
| Sacrificial Pit | 1 | |
| Boneyard | 1 | |
| Nerubian Tower | 1 | |
| Tomb of Relics | 1 | |
| Necropolis | 2 | |
18 total
» build order
00:17 Altar of Darkness
00:19 Crypt
00:26 Altar of Darkness
00:32 Ziggurat
01:12 Ziggurat
01:56 Ziggurat
02:14 Ziggurat
03:08 Ziggurat
03:25 Halls of the Dead
04:05 Graveyard
05:53 Black Citadel
06:35 Sacrificial Pit
08:33 Boneyard
08:36 Ziggurat
13:18 Nerubian Tower
16:47 Tomb of Relics
18:00 Necropolis
18:10 Necropolis
» items
team 2 (winner)

»
anal_leakage (
teal | 28 APM | 832 actions | 29:25)
8 Dark Ranger
3 Black Arrow
1 Silence
3 Life Drain
1 Charm
» actions
| Build / train | 119 | |
| Enter build submenu | 19 | |
| Enter hero's abilities submenu | 8 | |
| Give item / drop item | 1 | |
| Remove unit from queue | 4 | |
| Right click | 300 | |
| Select / deselect | 327 | |
| Use ability | 54 | |
832 total
» units
| Acolyte | 7 | |
| Ghoul | 6 | |
| Crypt Fiend | 6 | |
| Frost Wyrm | 37 | |
| Gargoyle | 19 | |
75 total
» upgrades
| Creature Attack | 3 | |
| Web | 1 | |
| Creature Carapace | 3 | |
| Burrow | 1 | |
| Freezing Breath | 1 | |
9 total
» buildings
| Graveyard | 1 | |
| Ziggurat | 10 | |
| Crypt | 2 | |
| Altar of Darkness | 1 | |
| Tomb of Relics | 1 | |
| Halls of the Dead | 1 | |
| Necropolis | 1 | |
| Black Citadel | 1 | |
| Sacrificial Pit | 1 | |
| Spirit Tower | 1 | |
| Nerubian Tower | 3 | |
| Boneyard | 2 | |
25 total
» build order
00:10 Graveyard
00:13 Ziggurat
00:51 Crypt
01:42 Altar of Darkness
02:14 Ziggurat
02:37 Crypt
02:44 Tomb of Relics
03:23 Ziggurat
03:53 Halls of the Dead
05:41 Ziggurat
06:45 Necropolis
07:18 Black Citadel
07:22 Sacrificial Pit
08:55 Ziggurat
08:56 Ziggurat
08:56 Ziggurat
08:57 Ziggurat
08:58 Ziggurat
10:05 Spirit Tower
10:08 Nerubian Tower
10:08 Nerubian Tower
10:28 Boneyard
10:29 Boneyard
» items
| Periapt of Vitality | 2 | |
| Potion of Healing | 1 | |
| Potion of Mana | 1 | |
| Scroll of Town Portal | 6 | |
| Scroll of Regeneration | 2 | |
| Lesser Clarity Potion | 1 | |
13 total
jw0ou23 (
yellow | 59 APM | 1747 actions | 29:25)
9 Paladin
3 Holy Light
3 Devotion Aura
2 Divine Shield
1 Resurrection
» actions
| Assign group hotkey | 78 | |
| Build / train | 98 | |
| Enter build submenu | 34 | |
| Enter hero's abilities submenu | 9 | |
| Right click | 787 | |
| Select / deselect | 346 | |
| Select group hotkey | 309 | |
| Use ability | 86 | |
1747 total
» units
| Peasant | 28 | |
| Footman | 7 | |
| Mortar Team | 17 | |
| Siege Engine | 4 | |
56 total
» upgrades
| Plating | 1 | |
| Lumber Harvesting | 2 | |
| Gunpowder | 2 | |
| Fragmentation Shards | 2 | |
| Armor | 2 | |
| Flare | 1 | |
| Barrage | 1 | |
11 total
» buildings
| Altar of Kings | 1 | |
| Barracks | 1 | |
| Farm | 12 | |
| Lumber Mill | 1 | |
| Keep | 1 | |
| Arcane Vault | 3 | |
| Blacksmith | 1 | |
| Scout Tower | 7 | |
| Town Hall | 1 | |
| Guard Tower | 6 | |
| Castle | 1 | |
| Arcane Tower | 1 | |
| Workshop | 6 | |
42 total
» build order
00:08 Altar of Kings
00:13 Barracks
00:15 Farm
00:55 Farm
01:36 Farm
02:51 Lumber Mill
03:27 Farm
04:32 Keep
04:35 Arcane Vault
04:58 Farm
05:11 Blacksmith
06:49 Scout Tower
06:52 Scout Tower
06:56 Town Hall
07:17 Guard Tower
07:20 Scout Tower
07:21 Guard Tower
07:25 Scout Tower
07:46 Castle
07:48 Guard Tower
07:51 Scout Tower
07:54 Arcane Tower
08:04 Workshop
08:08 Workshop
08:21 Guard Tower
09:22 Workshop
09:37 Farm
09:38 Farm
10:30 Scout Tower
10:59 Guard Tower
11:02 Scout Tower
13:31 Arcane Vault
13:45 Arcane Vault
13:56 Guard Tower
15:56 Farm
15:57 Farm
16:40 Farm
17:37 Workshop
21:14 Workshop
21:18 Workshop
25:04 Farm
25:05 Farm
» items
| Scroll of Regeneration | 4 | |
| Scroll of Town Portal | 4 | |
| Potion of Healing | 2 | |
| Orb of Fire | 1 | |
| Potion of Mana | 1 | |
12 total

»
KODO-1.FOR.ALL (
red | 75 APM | 2202 actions | 29:26)
8 Pit Lord
3 Howl of Terror
3 Rain of Fire
1 Doom
1 Cleaving Attack
7 Death Knight
3 Death Coil
2 Unholy Aura
1 Death Pact
1 Animate Dead
» actions
| Assign group hotkey | 59 | |
| Basic commands | 9 | |
| Build / train | 65 | |
| Enter build submenu | 16 | |
| Enter hero's abilities submenu | 17 | |
| Give item / drop item | 4 | |
| Right click | 1079 | |
| Select / deselect | 264 | |
| Select group hotkey | 571 | |
| Use ability | 117 | |
2202 total
» units
| Acolyte | 8 | |
| Ghoul | 3 | |
| Crypt Fiend | 8 | |
| Frost Wyrm | 5 | |
24 total
» upgrades
| Creature Attack | 3 | |
| Creature Carapace | 1 | |
| Web | 1 | |
| Burrow | 1 | |
| Freezing Breath | 1 | |
7 total
» buildings
| Graveyard | 1 | |
| Crypt | 2 | |
| Altar of Darkness | 1 | |
| Ziggurat | 7 | |
| Tomb of Relics | 1 | |
| Nerubian Tower | 1 | |
| Halls of the Dead | 1 | |
| Black Citadel | 1 | |
| Sacrificial Pit | 1 | |
| Boneyard | 3 | |
| Necropolis | 2 | |
21 total
» build order
00:08 Graveyard
00:11 Crypt
00:43 Altar of Darkness
01:00 Ziggurat
01:30 Tomb of Relics
02:02 Ziggurat
02:12 Nerubian Tower
04:04 Halls of the Dead
05:28 Ziggurat
05:31 Ziggurat
05:47 Crypt
10:13 Black Citadel
11:14 Sacrificial Pit
11:16 Ziggurat
11:16 Ziggurat
11:17 Ziggurat
13:23 Boneyard
13:24 Boneyard
13:27 Boneyard
17:47 Necropolis
22:55 Necropolis
» items
| Rod of Necromancy | 1 | |
| Scroll of Town Portal | 3 | |
| Potion of Mana | 2 | |
| Dust of Appearance | 1 | |
| Potion of Healing | 2 | |
| Scroll of Regeneration | 1 | |
10 total
SouthElf (
orange | 34 APM | 999 actions | 29:25)
7 Keeper of the Grove
3 Entangling Roots
3 Thorns Aura
1 Tranquility
» actions
| Build / train | 53 | |
| Enter build submenu | 20 | |
| Enter hero's abilities submenu | 7 | |
| Right click | 684 | |
| Select / deselect | 203 | |
| Use ability | 32 | |
999 total
» units
» upgrades
| Strength of the Wild | 3 | |
| Corrosive Breath | 1 | |
| Well Spring | 1 | |
| Reinforced Hides | 1 | |
6 total
» buildings
| Moon Well | 6 | |
| Altar of Elders | 1 | |
| Ancient of Wonders | 1 | |
| Tree of Ages | 1 | |
| Hunter's Hall | 1 | |
| Ancient Protector | 1 | |
| Tree of Eternity | 1 | |
| Tree of Life | 3 | |
| Ancient of Wind | 1 | |
| Chimaera Roost | 4 | |
20 total
» build order
00:55 Moon Well
01:06 Moon Well
01:23 Altar of Elders
01:35 Ancient of Wonders
03:54 Tree of Ages
04:01 Hunter's Hall
04:11 Moon Well
04:14 Moon Well
05:13 Moon Well
05:15 Moon Well
05:31 Ancient Protector
06:15 Tree of Eternity
06:54 Tree of Life
07:25 Ancient of Wind
09:18 Chimaera Roost
09:20 Chimaera Roost
09:24 Chimaera Roost
09:27 Chimaera Roost
13:37 Tree of Life
22:16 Tree of Life
Chat log
(00:18 / All) KODO-1.FOR.ALL: blackrock server from wow?
(00:35 / All) SHOOT_BLACKROCK: u wrong
(00:47 / All) SouthElf: GL HF NOOBS
(00:49 / All) KODO-1.FOR.ALL: what are u referring to bro
(01:03 / All) SHOOT_BLACKROCK: from PSN
(01:22 / All) KODO-1.FOR.ALL: didnt psn get hacked?
(01:31 / All) SHOOT_BLACKROCK: no bro
(03:07 / Allies) SouthElf: teching chimeras here
(03:16 / Allies) SouthElf: and hitting mains
(03:16 / Allies) KODO-1.FOR.ALL: go away teal
(03:18 / Allies) SouthElf: forcing tps
(03:19 / Allies) KODO-1.FOR.ALL: creep ur own shit
(03:37 / Allies) SouthElf: dont take items teal lol
(09:20 / Allies) KODO-1.FOR.ALL: naw
(09:53 / Allies) SouthElf: shit
(09:53 / Allies) SouthElf: b
(10:05 / All) KODO-1.FOR.ALL: lol
(10:25 / Allies) SouthElf: fuck
(10:28 / Allies) SouthElf: im scouted.....
(11:17 / Allies) SouthElf: gogogoo
(11:19 / Allies) SouthElf: buy us time
(11:20 / Allies) SouthElf: force tps
(11:21 / Allies) SouthElf: wtf
(12:13 / Allies) SouthElf: yo guys we need to tp now
(12:31 / Allies) SouthElf: tptptptpp
(14:06 / Allies) KODO-1.FOR.ALL: hall somebody?
(14:31 / Allies) KODO-1.FOR.ALL: flare
(14:52 / Allies) jw0ou23: wood
(16:12 / Allies) KODO-1.FOR.ALL: hall somebody oj
(16:14 / Allies) KODO-1.FOR.ALL: nigger
(16:16 / Allies) SouthElf: yep
(16:16 / Allies) SouthElf: kl
(17:10 / Allies) SouthElf: b
(17:11 / Allies) SouthElf: b
(17:27 / Allies) SouthElf: om g
(17:28 / Allies) SouthElf: b
(20:19 / Allies) SouthElf: i got 2 mains
(20:23 / Allies) SouthElf: and cut gold on undead also
(21:05 / Allies) jw0ou23: wood plz
(21:30 / Allies) SouthElf: lets go ghunt
(21:34 / Allies) SouthElf: they are uncoordinated
(21:35 / Allies) SouthElf: come
(21:42 / Allies) KODO-1.FOR.ALL: so are we lol
(22:01 / Allies) SouthElf: come
(23:08 / Allies) SouthElf: main
(23:36 / All) SouthElf: lol gg
(23:48 / All) CryingButILoveU: orange hack more man
(23:55 / All) SouthElf: LOL
(23:58 / All) SouthElf: lame
(24:55 / All) KODO-1.FOR.ALL: invul pot doesn't make ur starfall invul purp lol
(25:49 / All) SouthElf: gg bros
(25:50 / All) SouthElf: next one
(25:56 / All) KODO-1.FOR.ALL: u really mh oj?
(26:02 / All) SouthElf: ?>?????
(26:06 / All) SouthElf: where can i get it
(26:44 / All) SouthElf: NEXT PLZ
(28:23 / All) KODO-1.FOR.ALL: out
(28:39 / All) SouthElf: gg